 Dungeon Crawl Stone Soup version 0.27-a0-29-g2d0a2396b0 (webtiles) character file.

Game seed: 12868978522702415040

2 gruber the Charlatan (level 1, -7/20 HPs)
             Began as a Gnoll Wanderer on Jan 3, 2021.
             Killed themself with a badly aimed fireball (15 damage)
             ... on level 1 of the Dungeon.
             The game lasted 00:00:21 (31 turns).

gruber the Charlatan (Gnoll Wanderer)                 Turns: 31, Time: 00:00:22

Health: -7/20      AC:  2    Str: 12    XL:     1   Next: 40%
Magic:  1/1        EV: 11    Int: 15    God:
Gold:   0          SH:  0    Dex: 15    Spells: 0/0 levels left

rFire    . . .     SeeInvis .   a - +0 dagger
rCold    . . .     Faith    .   (no shield)
rNeg     . . .     Spirit   .   d - +0 robe
rPois    .         Reflect  .   (no helmet)
rElec    .         Harm     .   (no cloak)
rCorr    .         Rampage  .   (no gloves)
Will     .....                  (no boots)
Stlth    +.........             (no amulet)
HPRegen  0.06/turn              (no ring)
MPRegen  0.07/turn              (no ring)

@: no status effects
A: distributed training, fangs 1, strong nose
a: no special abilities


You were on level 1 of the Dungeon.
You visited 1 branch of the dungeon, and saw 1 of its levels.

Inventory:

Hand Weapons
 a - a +0 dagger (weapon)
Armour
 d - a +0 robe (worn)
Wands
 c - a wand of random effects (13) (quivered)
Potions
 b - a potion of haste {unknown}


   Skills:
 + Level 4.4 Fighting
 + Level 0.0 Short Blades
 + Level 0.0 Long Blades
 + Level 0.0 Axes
 + Level 0.0 Maces & Flails
 + Level 0.0 Polearms
 + Level 0.0 Staves
 + Level 0.0 Slings
 + Level 0.0 Bows
 + Level 4.4 Crossbows
 + Level 0.0 Throwing
 + Level 2.3 Armour
 + Level 0.0 Dodging
 + Level 0.0 Stealth
 + Level 0.0 Shields
 + Level 0.0 Unarmed Combat
 + Level 0.0 Spellcasting
 + Level 1.9 Conjurations
 + Level 0.0 Hexes
 + Level 0.0 Summonings
 + Level 0.0 Necromancy
 + Level 3.6 Translocations
 + Level 0.0 Transmutations
 + Level 0.0 Fire Magic
 + Level 0.0 Ice Magic
 + Level 0.0 Air Magic
 + Level 0.0 Earth Magic
 + Level 0.0 Poison Magic
 + Level 0.1 Invocations
 + Level 4.4 Evocations


You couldn't memorise any spells.
You didn't know any spells.
Your spell library contained the following spells:

 Spells                   Type           Power        Failure   Level
 Blink                    Tloc           N/A          9%          2
 Magic Dart               Conj           20%          12%         1
 Shock                    Conj/Air       12%          19%         1
 Call Imp                 Summ           0%           38%         2
 Slow                     Hex            0%           38%         2
 Conjure Flame            Conj/Fire      3%           47%         3
 Mephitic Cloud           Conj/Pois/Air  2%           52%         3


Dungeon Overview and Level Annotations

Branches:
Dungeon (1/15)

Altars:


Innate Abilities, Weirdness & Mutations

Your experience applies equally to all skills.
You have very sharp teeth.
Your uncanny sense of smell can sniff out nearby items.


Message History

Unknown command.
Unknown command.
Evoke which item? (* to show all) (? for menu, Esc to quit)
Aiming: Random Effects
Press: ? - help, Shift-Dir - straight line, f/p - bat
Aim: a bat (moderately wounded, misshapen and mutated)
The bat flickers and vanishes!
Deactivating autopickup; reactivate with Ctrl-A.
Something hits you but does no damage.
Unknown command.
Unknown command.
Evoke which item? (* to show all) (? for menu, Esc to quit)
Aiming: Random Effects
Press: ? - help, Shift-Dir - straight line, f - hobgoblin
Aim: a hobgoblin The fireball explodes!
The fireball engulfs something!
Reactivating autopickup.
You feel a bit more experienced. The fireball engulfs you!
Ouch! That really hurt!
You die...

.. .# #.# #
..###.# #
....... #.
.......
#.#####.......
#...@†g.......
###.########..
#.#####
#.#...#
#.#.#.#
#...#.#
#.....#
#.....#
#.....#


You could see a hobgoblin.

Vanquished Creatures
  A goblin (D:1)
  A bat (D:1)
  A frilled lizard (D:1)
  A kobold (D:1)
4 creatures vanquished.

Notes
Turn   | Place    | Note
-------+----------+-------------------------------------------
     0 | D:1      | gruber the Gnoll Wanderer began the quest for the Orb.
     0 | D:1      | gruber set off with the following items: a +0 dagger, a
                  | wand of random effects (15), a +0 robe; and the following
                  | spells available to memorise: Blink, Magic Dart, Shock,
                  | Call Imp, Slow, Conjure Flame, Mephitic Cloud
     0 | D:1      | Reached XP level 1. HP: 20/20 MP: 1/1
    31 | D:1      | Killed themself with a badly aimed fireball

Illustrated notes

Levels and vault maps discovered:
D:1:      amcnicky_arrival_blooded_trapdoor, layout_basic, chequers_avenue,
          hangedman_abyss_or_decor_lesser_grid

Action                   || total
-------------------------++-------
Melee: Dagger            ||    10
       Bite              ||     1
Evoke: Wand              ||     2
Armor: Robe              ||     6
Dodge: Dodged            ||    14

Table legend: (Time is in decaauts)
 A = Elapsed time spent in this place.
 B = Non-inter-level travel time spent in this place.
 C = Inter-level travel time spent in this place.
 D = Time resting spent in this place.
 E = Time spent auto-exploring this place.
 F = Levels seen in this place.
 G = Mean time per level.
                   A        B        C        D        E       F      G
               +--------+--------+--------+--------+--------+-----+--------+
         Total |     31 |     31 |      0 |      0 |      8 |   1 |   31.0 |
       Dungeon |     31 |     31 |      0 |      0 |      8 |   1 |   31.0 |
               +--------+--------+--------+--------+--------+-----+--------+

Top non-repeatable levels by time:
     D:1: 31 daAuts
